 Dungeon Crawl Stone Soup version 0.22.1-2-g9c5b331383 (webtiles) character file.

275 Jynx the Sneak (level 6, 0/28 HPs)
             Began as a Spriggan Enchanter on Nov 26, 2018.
             Slain by Grinder (2 damage)
             ... on level 3 of the Dungeon.
             The game lasted 00:06:53 (2834 turns).

Jynx the Sneak (Spriggan Enchanter)                 Turns: 2834, Time: 00:06:53

Health: 0/28       AC:  5    Str:  4    XL:     6   Next: 3%
Magic:  4/13       EV: 18    Int: 17    God:
Gold:   198        SH:  0    Dex: 18    Spells: 4/13 levels left

rFire    . . .     SeeInvis +   a - +1 dagger
rCold    . . .     Gourm    .   (shield restricted)
rNeg     . . .     Faith    .   b - +1 robe
rPois    .         Spirit   .   (helmet restricted)
rElec    .         Reflect  .   c - +1 cloak
rCorr    .         Harm     .   (gloves unavailable)
MR       +....                  (boots unavailable)
Stlth    +++.......             (no amulet)
HPRegen  0.09/turn              (no ring)
MPRegen  0.13/turn              (no ring)

@: very quick
A: very small, unfitting armour, see invisible, herbivore, speed 3, slow
metabolism 2
a: no special abilities


You were on level 3 of the Dungeon.
You were near starving.

You visited 1 branch of the dungeon, and saw 3 of its levels.

You collected 198 gold pieces.

Inventory:

Hand Weapons
 a - a +1 dagger (weapon)
Armour
 b - a +1 robe (worn)
 c - a +1 cloak (worn)
Jewellery
 g - an uncursed ring of wizardry {unknown}
 n - a cursed -3 ring of dexterity {unknown}
Scrolls
 e - 2 scrolls of identify {unknown}
 i - a scroll of enchant armour
 k - 2 scrolls of remove curse
Potions
 f - a potion of agility {unknown}
 h - a potion of berserk rage {unknown}
 j - 2 potions of mutation {unknown}
 l - a potion of degeneration {unknown}
 m - a potion of cancellation {unknown}
 o - a potion of curing {unknown}
Comestibles
 d - 7 rations


   Skills:
 * Level 4.1 Short Blades
 - Level 3.0 Dodging
 + Level 6.1 Stealth
 + Level 4.2 Spellcasting
 + Level 4.8 Hexes


You had 4 spell levels left.
You knew the following spells:

 Your Spells              Type           Power        Failure   Level  Hunger
a - Corona                Hex            ###....      1%          1    None
b - Ensorcelled Hibernat  Hex/Ice        ##....       9%          2    ##.....
c - Confuse               Hex            ###.....     6%          3    ###....
d - Tukima's Dance        Hex            ###.....     6%          3    ###....

Your spell library contained the following spells:

 Spells                   Type           Power        Failure   Level  Hunger
 Animate Skeleton         Necr           N/A          16%         1    None
 Pain                     Necr           #...         16%         1    None
 Dazzling Spray           Conj/Hex       ##....       17%         3    ###....
 Regeneration             Chrm/Necr      #.........   43%         3    ###....
 Vampiric Draining        Necr           #.........   43%         3    ###....
 Animate Dead             Necr           N/A          83%         4    ####...


Dungeon Overview and Level Annotations

Branches:
Dungeon (3/15)

Altars:

Annotations:
D:3 1 runed door, Grinder


Innate Abilities, Weirdness & Mutations

You are very small and have problems with some larger weapons.
You are too small for most types of armour.
You have supernaturally acute eyesight. (SInv)
You are a herbivore.
You cover ground extremely quickly.
You need to consume almost no food.


Message History

Grinder resists with some effort.
The gnoll hits you from afar with a spear.
Grinder hits you!
You writhe in agony.
Casting: Confuse (safe; 6% risk of failure)
Confirm with . or Enter, or press ? or * to list all spells.
Aiming: Confuse (safe; 6% risk of failure)
Press: ? - help, Shift-Dir - straight line, f/p - Grinder
Aim: Grinder (chance to defeat MR: 50%) Grinder appears confused.
The gnoll hits you from afar with a spear!
* * * LOW HITPOINT WARNING * * *
Grinder misses you.
You strike the helpless Grinder from behind!
You puncture Grinder!
Grinder is moderately wounded.
The gnoll misses you.
You barely miss Grinder.
Grinder is moderately wounded.
Grinder hits you.
You die...

######## ######## .......#
#......# ..†....#
##########......#
.......#######.....).##......####
.............'...................
......(#######.......##.[........
.......##.......############[####
.########........5g........#.#.).
.# #.......@#########.#.#.#.
.##### #.........<..# #...#.#.
.....# #.......##.#.# ###.#.#.
####.# #.......<..#.## #.†...#. #
#.# #........#....####.#.#### ##
#.# ######+#.........#.#.#
.###.#########.#.##...##.#.#.#
......................##.#.#.#
.###.....#####.#.........#.#.#


You could see Grinder (confused) and a gnoll.

Vanquished Creatures
  A black bear (D:2)
  2 orc priests (D:3)
  A worker ant (D:2)
  2 gnolls (D:3)
  An adder (D:2)
  An ooze (D:1)
  A worm (D:2)
  2 leopard geckos (D:2)
  3 orcs (D:3)
  A ball python (D:3)
  7 bats
  2 giant cockroaches
  7 hobgoblins
  A jackal (D:1)
  10 kobolds
  2 quokkas
  2 frilled lizards
  3 goblins
  10 rats
59 creatures vanquished.

Notes
Turn   | Place    | Note
-------+----------+-------------------------------------------
     0 | D:1      | Jynx the Spriggan Enchanter began the quest for the Orb.
     0 | D:1      | Reached XP level 1. HP: 9/9 MP: 5/5
   167 | D:1      | Reached XP level 2. HP: 13/13 MP: 6/6
   171 | D:1      | Learned a level 2 spell: Ensorcelled Hibernation
   886 | D:2      | Noticed a black bear
  1048 | D:2      | Reached XP level 3. HP: 16/16 MP: 8/8
  1074 | D:2      | Reached skill level 5 in Stealth
  1322 | D:2      | Killed a black bear
  1322 | D:2      | Reached XP level 4. HP: 13/21 MP: 0/10
  1322 | D:2      | Reached XP level 5. HP: 15/24 MP: 0/11
  1530 | D:2      | Found a faded altar of an unknown god.
  1810 | D:2      | Learned a level 3 spell: Confuse
  1814 | D:2      | Learned a level 3 spell: Tukima's Dance
  2129 | D:3      | Found a runed door.
  2526 | D:3      | Reached skill level 6 in Stealth
  2574 | D:3      | Noticed Grinder
  2580 | D:3      | Reached XP level 6. HP: 28/28 MP: 6/13
  2834 | D:3      | Slain by Grinder

Skill      XL: |  1  2  3  4  5 |
---------------+----------------+-----
Spellcasting   | 3 4 |  4.2
Short Blades   | 2 3 4 |  4.1
Hexes          | 4 |  4.8
Stealth        | 5 6 |  6.1
Dodging        | |  3.0

Action                   |  1- 3 |  4- 6 || total
-------------------------+-------+-------++-------
Melee: Dagger            |   140 |    94 ||   234
 Cast: Corona            |     6 |     4 ||    10
       Ensorcelled Hiber |     6 |     8 ||    14
       Confuse           |       |    13 ||    13
  Use: Scroll            |     3 |       ||     3
 Stab: Sleeping          |    13 |    10 ||    23
       Confused          |       |     4 ||     4
       Distracted        |       |     1 ||     1
Armor: Robe              |    21 |     7 ||    28
Dodge: Dodged            |   113 |    59 ||   172
